 Dungeon Crawl Stone Soup version 0.17.0-24-gcfadda4 (console) character file.

32 gw the Chucker (level 3, -3/22 HPs)
             Began as a Gargoyle Hunter on Nov 16, 2015.
             Slain by a worm (7 damage)
             ... on level 2 of the Dungeon.
             The game lasted 00:00:42 (1221 turns).

gw the Chucker (Gargoyle Hunter)                    Turns: 1221, Time: 00:00:42

Health: -3/22      AC:  6    Str: 15    XL:     3   Next: 27%
Magic:  3/3        EV: 11    Int: 11    God:
Gold:   67         SH:  0    Dex: 11    Spells: 0 memorised, 2 levels left

rFire  . . .     SeeInvis .     b - +0 mace
rCold  . . .     Clarity  .     d - +0 leather armour
rNeg   + . .     SustAt   .     (no shield)
rPois  ∞         Gourm    .     (no helmet)
rElec  +         Spirit   .     (no cloak)
rCorr  .         Warding  .     (no gloves)
rMut   .         Stasis   .     (no boots)
MR     .....                    (no amulet)
Stlth  +.........               (no ring)
                                (no ring)

@: not resistant to hostile enchantments, very unstealthy
A: negative energy resistance 1, electricity resistance, unbreathing,
petrification resistance, rot immunity, AC +3
a: no special abilities


You were on level 2 of the Dungeon.
You were not hungry.

You visited 1 branch of the dungeon, and saw 2 of its levels.

You collected 67 gold pieces.

Inventory:

Hand Weapons
 b - a +0 mace (weapon)
Missiles
 f - 46 stones (quivered)
 k - 2 throwing nets
Armour
 d - a +0 leather armour (worn)
Scrolls
 j - 2 scrolls of fear
Comestibles
 e - 2 bread rations
 l - a meat ration


   Skills:
 + Level 2.7 Fighting
 + Level 0.6 Maces & Flails
 * Level 4.0 Throwing
 + Level 1.0 Armour
 - Level 1.5 Dodging
 - Level 1.1 Stealth


You had 2 spell levels left.
You didn't know any spells.

Dungeon Overview and Level Annotations

Branches:
Dungeon (2/15)

Altars:


Innate Abilities, Weirdness & Mutations

You are resistant to torment.
Your stone body is resilient (AC +3).
You are immune to poison.
You resist negative energy.
You are resistant to electric shocks.
You can survive without breathing.
You are immune to petrification.
You are immune to rotting.


Message History

Aim: a giant gecko (clinging)
You throw a javelin. The javelin misses the giant gecko.
ATTACKING (-1,-1)
You barely miss the giant gecko. The giant gecko bites you.
The giant gecko bites you but does no damage.
ATTACKING (-1,-1)
You hit the giant gecko.
The giant gecko is severely wounded.
The worm bites you. The giant gecko misses you.
ATTACKING (-1,-1)
You miss the giant gecko.
The giant gecko is severely wounded.
The giant gecko bites you. The worm bites you!
The giant gecko barely misses you.
ATTACKING (-1,-1)
You barely miss the giant gecko.
The giant gecko is severely wounded.
You feel a little less clever now. The giant gecko barely misses you.
The worm bites you!
You die...

.. ######.
..(..>. .......
## ..... .. .
...###.#
....##l....#
.......9#
......w......(.
.....(.##......
....... ......
#....#. #....
#...##. #...
#..# #. ##. #..
#l


You could see a worm, a giant gecko and a giant newt (wandering).

Table legend:
 A = Turns spent in this place as a percentage of turns spent in the entire game.
 B = Non-inter-level travel turns spent in this place as a percentage of non-inter-level travel turns spent in the entire game.
 C = Inter-level travel turns spent in this place as a percentage of turns spent in this place.
 D = Turns resting spent in this place as a percentage of non-inter-level travel turns spent in this place.
 E = Turns spent auto-exploring this place as a percentage of non-inter-level travel turns spent in this place.
 F = Non-inter-level travel turns spent in this place divided by the number of levels of this place that you've seen.
                   A       B       C       D       E      F
               +-------+-------+-------+-------+-------+----------------------
         Total | 100.0 | 100.0 |   0.2 |   0.7 |   2.5 | 828.0
       Dungeon | 100.0 | 100.0 |   0.2 |   0.7 |   2.5 | 828.0
               +-------+-------+-------+-------+-------+----------------------

Table legend:
 A = Kills in this place as a percentage of kills in entire the game.
 B = Kills by you in this place as a percentage of kills by you in the entire game.
 C = Kills by friends in this place as a percentage of kills by friends in the entire game.
 D = Other kills in this place as a percentage of other kills in the entire game.
 E = Experience gained in this place as a percentage of experience gained in the entire game.
 F = Experience gained in this place divided by the number of levels of this place that you have seen.
                   A       B       C       D       E      F
               +-------+-------+-------+-------+-------+----------------------
         Total | 100.0 | 100.0 |  -nan |  -nan | 100.0 |  23.5
       Dungeon | 100.0 | 100.0 |  -nan |  -nan | 100.0 |  23.5
               +-------+-------+-------+-------+-------+----------------------

Vanquished Creatures
  A giant gecko (D:1)
  A giant cockroach (D:1)
  A goblin (D:1)
  2 hobgoblins (D:1)
  7 jackals (D:1)
  7 bats (D:1)
  6 kobolds (D:1)
  7 rats (D:1)
32 creatures vanquished.

Notes
Turn   | Place    | Note
--------------------------------------------------------------
     0 | D:1      | gw the Gargoyle Hunter began the quest for the Orb.
     0 | D:1      | Reached XP level 1. HP: 12/12 MP: 1/1
   236 | D:1      | Reached XP level 2. HP: 18/18 MP: 2/2
   566 | D:1      | Reached skill level 4 in Throwing
   566 | D:1      | Reached XP level 3. HP: 19/22 MP: 3/3
   867 | D:1      | Reached skill level 1 in Armour
  1221 | D:2      | Slain by a worm

Action                   || total
-------------------------++-------
Melee: Short sword       ||    46
       Mace              ||    39
Throw: Javelin           ||    39
       Stone             ||     5
  Use: Scroll            ||     3
       Potion            ||     3
 Stab: Sleeping          ||     1
  Eat: Chunk             ||     1

Vault maps used:
D:1:      tarquinn_simple_flora_water_d, moated_statue
